 Dungeon Crawl Stone Soup version 0.26.0-10-g1f06aea511 (webtiles) character file.

Game seed: 9525894213160640011

584 MajorAdolf the Skirmisher (level 7, 0/100 HPs)
             Began as a Naga Wanderer on Jan 16, 2021.
             Slain by a mummy (10 damage)
             ... in an ossuary.
             The game lasted 00:06:23 (5555 turns).

MajorAdolf the Skirmisher (Naga Wanderer)           Turns: 5555, Time: 00:06:24

Health: 0/100      AC: 23    Str: 20    XL:     7   Next: 37%
Magic:  6/6        EV:  1    Int: 20    God:
Gold:   204        SH:  0    Dex:  7    Spells: 5/6 levels left

rFire    . . .     SeeInvis +   r - +2 hand axe (freeze)
rCold    + . .     Faith    .   (no shield)
rNeg     + + +     Spirit   .   (armour currently unavailable)
rPois    +         Reflect  .   (helmet currently unavailable)
rElec    .         Harm     .   (cloak currently unavailable)
rCorr    .         Rampage  .   (gloves currently unavailable)
Will     .....     NoTele   +   (no barding)
Stlth    ++........             (no amulet)
HPRegen  0.26/turn              u - ring of protection from cold
MPRegen  0.10/turn              s - +6 ring of intelligence

@: tree-form (expiring)
A: large, see invisible, low mp 1, spit poison 1, strong 1, AC +2
a: Spit Poison


You were in an ossuary.
You were a tree.
You visited 1 branch of the dungeon, and saw 5 of its levels.
You also visited: Ossuary.

You collected 204 gold pieces.

Inventory:

Hand Weapons
 a - a +2 dagger
 c - a +0 short sword
 k - a +2 dagger of venom
 r - a +2 hand axe of freezing (weapon)
Armour
 e - a +0 robe
 m - a +0 plate armour (melded)
 q - a +0 pair of gloves (melded)
 x - a +1 helmet (melded)
Magical Staves
 l - an uncursed staff of fire {unknown}
Jewellery
 j - an uncursed ring of wizardry
 s - a +6 ring of intelligence (right branch)
 u - a ring of protection from cold (left branch)
Wands
 t - a wand of acid (2)
Scrolls
 b - a scroll of blinking
 f - 8 scrolls of teleportation
 h - 2 scrolls of remove curse
 n - 4 scrolls of identify
 y - a scroll of noise
Potions
 g - a potion of mutation
 i - 5 potions of curing {unknown}
 p - a potion of brilliance {unknown}
 w - a potion of heal wounds {unknown}
 A - a potion of ambrosia {unknown}
 B - a potion of attraction {unknown}


   Skills:
 + Level 5.3 Fighting
 - Level 1.0 Short Blades
 + Level 2.0 Axes
 * Level 3.4 Armour
 + Level 3.6 Dodging
 - Level 3.0 Stealth
 + Level 2.0 Evocations


You had 5 spell levels left.
You knew the following spells:

 Your Spells              Type           Power        Failure   Level
a - Beastly Appendage     Tmut           0%           19%         1

Your spell library contained the following spells:

 Spells                   Type           Power        Failure   Level
 Wereblood                Tmut           0%           28%         2
 Spider Form              Tmut/Pois      0%           50%         3
 Ice Form                 Ice/Tmut       0%           88%         4
 Blade Hands              Tmut           0%           99%         5


Dungeon Overview and Level Annotations

Branches:
Dungeon (5/15)            Ossuary (1/1)
 Temple: D:4-7

Altars:
Hepliaklqana
Makhleb
Okawaru
Qazlal
Sif Muna
Wu Jian
Xom

Shops:
D:4 *(?

Annotations:
D:5 Prince Ribbit


Innate Abilities, Weirdness & Mutations

You cannot wear boots.
((Your serpentine skin is tough. (AC +2)))
You have supernaturally acute eyesight. (SInv)
((Armour fits poorly on your strangely shaped body.))
((Your system is resistant to poisons. (rPois)))
((You cover ground very slowly.))
You can spit poison.
((You are partially covered in thin metallic scales. (AC +2)))
Your magical capacity is low. (-10% MP)
Your muscles are strong. (Str +2)


Message History

The mummy hits you but does no damage. The mummy hits you.
* * * LOW HITPOINT WARNING * * *
You slash the mummy! You freeze the mummy.
You destroy the mummy!
You hit the mummy but do no damage. x2; The mummy hits you but does no damage.
Unknown command.
You hit the mummy. You freeze the mummy.
The mummy is heavily damaged.
You hit the mummy but do no damage. The mummy hits you!
* * * LOW HITPOINT WARNING * * *
You hit the mummy. You freeze the mummy.
The mummy is severely damaged.
You hit the mummy but do no damage. The mummy completely misses you.
The mummy hits you but does no damage.
You slash the mummy! You freeze the mummy.
You destroy the mummy!
You hit the mummy.
Your transformation is almost over.
The mummy hits you!
You die...

#
#.###########
.^..........##
.............#
^....∩.∩.....#
...^.........#
........♣M..##
#.###########
#


You could see a mummy.

Vanquished Creatures
  Edmund (D:4)
  A howler monkey (D:2)
  A centaur zombie (Ossuary)
  A crimson imp (D:4)
  2 orc priests
  4 orc wizards
  2 mummies (Ossuary)
  Robin (D:3)
  4 adders
  A white imp (D:4)
  2 dart slugs (D:2)
  4 leopard geckos
  13 orcs
  A ball python (D:1)
  A giant cockroach (D:1)
  15 goblins
  12 hobgoblins
  14 jackals
  2 quokkas
  8 bats
  5 frilled lizards
  4 kobolds
  7 rats
106 creatures vanquished.

Notes
Turn   | Place    | Note
-------+----------+-------------------------------------------
     0 | D:1      | MajorAdolf the Naga Wanderer began the quest for the Orb.
     0 | D:1      | MajorAdolf set off with the following items: a +2 dagger, a
                  | scroll of blinking, a +0 short sword, a potion of
                  | lignification, a +0 robe
     0 | D:1      | Reached XP level 1. HP: 21/21 MP: 1/1
   134 | D:1      | Reached XP level 2. HP: 15/28 MP: 2/2
   672 | D:1      | Reached skill level 4 in Fighting
  1108 | D:1      | Reached XP level 3. HP: 30/36 MP: 3/3
  1640 | D:2      | Reached XP level 4. HP: 41/45 MP: 4/4
  1945 | D:2      | Found a hazy altar of Hepliaklqana.
  2203 | D:2      | Reached XP level 5. HP: 37/51 MP: 5/5
  2461 | D:3      | Found a faded altar of an unknown god.
  2582 | D:3      | Found an iron altar of Okawaru.
  2929 | D:3      | Reached XP level 6. HP: 40/60 MP: 6/6
  3260 | D:3      | Found a shimmering blue altar of Sif Muna.
  3410 | D:3      | Noticed Robin
  3415 | D:3      | Reached skill level 1 in Axes
  3446 | D:3      | Killed Robin
  3447 | D:3      | Reached skill level 5 in Fighting
  3663 | D:3      | Reached skill level 1 in Evocations
  3833 | D:4      | Found Pudymyla's Antique Weapon Shoppe.
  4042 | D:4      | Found a stormy altar of Qazlal.
  4072 | D:4      | Learned a level 1 spell: Beastly Appendage
  4376 | D:4      | Noticed Edmund
  4397 | D:4      | Killed Edmund
  4398 | D:4      | Reached XP level 7. HP: 29/67 MP: 7/7
  4675 | D:4      | Found Askavv Okhle's Magic Scroll Boutique.
  4950 | D:4      | Found Locwosch's Assorted Antiques.
  5203 | D:4      | Found a burning altar of Makhleb.
  5204 | D:4      | Found a shimmering altar of Xom.
  5227 | D:4      | Paralysed by a crimson imp for 4 turns
  5336 | D:5      | Entered Level 5 of the Dungeon
  5366 | D:5      | Found an ornate altar of the Wu Jian Council.
  5369 | D:5      | Noticed Prince Ribbit
  5520 | D:5      | Found a sand-covered staircase.
  5524 | Ossuary  | Entered an ossuary
  5525 | Ossuary  | Gained mutation: Your magical capacity is low. (-10% MP)
                  | [potion of mutation]
  5525 | Ossuary  | Gained mutation: You are partially covered in thin metallic
                  | scales. (AC +2) [potion of mutation]
  5525 | Ossuary  | Gained mutation: Your muscles are strong. (Str +2) [potion
                  | of mutation]
  5555 | Ossuary  | Slain by a mummy

Illustrated notes

Levels and vault maps discovered:
D:1:      minmay_arrival_stair_chambers, layout_rooms
D:2:      layout_basic, old_standard_altar, kennysheep_generic_room_16
D:3:      layout_basic, lemuel_blue_sif_altar, okawaru_trees_1,
          chequers_ecumenical_altar_simple_redux, moated_statue,
          grunt_ministairs_13, minmay_quantized, uniq_robin
D:4:      layout_layer_cave, grunt_temple_overflow_champion_of_chaos,
          lemuel_round_altar, serial_shops, kennysheep_little_box, shop,
          shop_statue, uniq_edmund
D:5:      layout_basic, kennysheep_mini_moat, nemelex_altar_shiori,
          lightli_ossuary_entry_decrepit_ruins, uniq_prince_ribbit1,
          uniq_duvessa
Ossuary:  ossuary_the_hunt_dpeg

Skill      XL: |  1  2  3  4  5  6  7 |
---------------+----------------------+-----
Fighting       | 4 5 |  5.3
Dodging        | 3 |  3.6
Armour         | 2 3 |  3.4
Axes           | 1 2 |  2.0
Evocations     | 1 2 |  2.0
Short Blades   | |  1.0
Stealth        | |  3.0

Action                   |  1- 3 |  4- 6 |  7- 9 || total
-------------------------+-------+-------+-------++-------
Melee: Dagger            |   112 |   234 |    66 ||   412
       Hand axe          |       |       |     8 ||     8
 Abil: Spit Poison       |     4 |     2 |       ||     6
  Use: Scroll            |       |       |     9 ||     9
       Potion            |       |       |     2 ||     2
 Stab: Sleeping          |     1 |       |       ||     1
Armor: Robe              |     4 |       |       ||     4
       Plate armour      |    30 |   198 |    63 ||   291
       Skin              |       |       |    37 ||    37
Dodge: Dodged            |    43 |    70 |    16 ||   129
